 Dungeon Crawl Stone Soup version 0.24.1-4-ge52af88ad5 (webtiles) character file.

Game seed: 5695158299703423651, levelgen mode: deterministic

4095 plasma188 the Protected (level 10, -6/86 HPs)
             Began as a Minotaur Fighter on Apr 17, 2020.
             Was an Elder of Zin.
             Mangled by a two-headed ogre
             ... wielding a +0 giant spiked club
              (13 damage)
             ... on level 9 of the Dungeon.
             The game lasted 01:53:09 (8072 turns).

plasma188 the Protected (Minotaur Fighter)          Turns: 8072, Time: 01:53:09

Health: -6/86      AC: 15    Str: 28      XL:     10   Next: 5%
Magic:  20/20      EV:  7    Int:  4 (5)  God:    Zin [****..]
Gold:   483        SH: 12    Dex: 10 (11) Spells: 9/9 levels left

rFire    . . .     SeeInvis .   a - +0 long sword
rCold    . . .     Gourm    +   c - +1 shield
rNeg     . . .     Faith    .   t - +0 plate armour
rPois    .         Spirit   .   (helmet unavailable)
rElec    .         Reflect  .   (no cloak)
rCorr    .         Harm     .   (no gloves)
MR       .....                  q - +0 pair of boots
Stlth    ..........             m - amulet of the gourmand
HPRegen  0.00/turn              A - ring of magical power
MPRegen  0.17/turn              D - ring of stealth

@: mighty
A: retaliatory headbutt, horns 3, deterioration 1, sense surroundings 1,
inhibited regeneration
a: Recite, Vitalisation, Imprison, Donate Gold, Renounce Religion


You were on level 9 of the Dungeon.
You worshipped Zin.
Zin was greatly pleased with you.
You were hungry.

You visited 2 branches of the dungeon, and saw 10 of its levels.

You collected 536 gold pieces.
You donated 53 gold pieces to Zin.

Inventory:

Hand Weapons
 a - a +0 long sword (weapon)
 k - a +0 rapier
 r - a +0 flail
 F - a +2 shortbow of freezing
Missiles
 n - 87 arrows (quivered)
 v - 22 bolts
Armour
 c - a +1 shield (worn)
 q - a +0 pair of boots (worn)
 t - a +0 plate armour (worn)
Jewellery
 m - an amulet of the gourmand (around neck)
 A - a ring of magical power (left hand)
 D - a ring of stealth (right hand)
Wands
 p - a wand of acid (6)
 s - a wand of scattershot (1)
 B - a wand of iceblast (9)
Scrolls
 d - 3 scrolls of identify
 e - 7 scrolls of remove curse
 h - 2 scrolls of fear
 w - a scroll of enchant weapon
 y - a scroll of fog
Potions
 b - 3 potions of haste
 i - 4 potions of agility
 l - 4 potions of berserk rage
 u - a potion of resistance
 x - a potion of curing
 z - 2 potions of might
Comestibles
 f - 7 rations


   Skills:
 + Level 7.0 Fighting
 * Level 9.1 Long Blades
   Level 1.5(2.2) Slings
 + Level 3.1 Bows
 - Level 2.1(2.3) Throwing
 * Level 9.2 Armour
 - Level 3.5 Dodging
 + Level 7.2 Shields
 - Level 2.0 Unarmed Combat
 + Level 3.3 Invocations
 + Level 2.3 Evocations


You had 9 spell levels left.
You didn't know any spells.
Your spell library contained the following spells:

 Spells                   Type           Power        Failure   Level  Hunger
 Animate Skeleton         Necr           N/A          100%        1    ##.....
 Apportation              Tloc           #.....       100%        1    ##.....
 Confusing Touch          Hex            #.....       100%        1    ##.....
 Infusion                 Chrm           #...         100%        1    ##.....
 Summon Small Mammal      Summ           #...         100%        1    ##.....
 Shroud of Golubria       Chrm/Tloc      #.....       100%        2    ###....
 Song of Slaying          Chrm           #.......     100%        2    ###....
 Regeneration             Chrm/Necr      #.........   100%        3    ####...
 Spectral Weapon          Hex/Chrm       #.......     100%        3    ####...


Dungeon Overview and Level Annotations

Branches:
Dungeon (9/15)             Temple (1/1) D:6
   Lair: D:8-11         Orc: D:9-12

Altars:
Ashenzari
Cheibriados
Dithmenos
Elyvilon
Fedhas
Gozag
Hepliaklqana
Kikubaaqudgha
Makhleb
Nemelex Xobeh
Okawaru
Qazlal
Ru
Sif Muna
Trog
Uskayaw
Vehumet
Wu Jian
Xom
Yredelemnul
Zin
The Shining One


Innate Abilities, Weirdness & Mutations

You reflexively headbutt those who attack you in melee.
You have a pair of large horns on your head.
Your body sometimes deteriorates upon taking damage.
You passively map a small area around you.
You do not regenerate when monsters are visible.


Message History

An orc priest comes into view.
You feel very mighty all of a sudden. You block the shadow imp's attack.
You hear some strange, mumbled words.
Something tries to affect you, but you resist.
You block the two-headed ogre's attack.
The two-headed ogre hits you with a +0 giant club.
* * * LOW HITPOINT WARNING * * *
The orc priest looks satisfied for a moment.
You hit the two-headed ogre.
The two-headed ogre is almost dead.
The warg pauses to sniff the ground.
The shadow imp closely misses you.
An orc wizard comes into view. It is wielding a +0 dagger.
Something hits you but does no damage.
The two-headed ogre hits you with a +0 giant spiked club!
* * * LOW HITPOINT WARNING * * *
Your body deteriorates!
You feel clumsy.
The two-headed ogre hits you with a +0 giant club!
You die...

* , ,#........... ,, ,, ,
#........... ,
#........... ∩ , ,
,,#........... .
,#..........† .., >,,,,
#.........†.
##'##################'###
.....#.5........ #.......
, ..oo.'hO@.......
#....... ,
.o..Z#.{........ #.......
* ##+#
#....############### ,
.....#......... #...#...#
, , ...(.#.†.......
#...#.... .....'.........
#...#....
,.....#......?..
#..<#....
#######'##########..##..#
#....#........#...#...


You could see a two-headed ogre, a warg, 2 orc priests, an orc wizard, a shadow
imp and a hound skeleton.

Vanquished Creatures
  Psyche (D:8)
  A hippogriff (D:7)
  A spriggan (D:7)
  A hungry ghost (D:8)
  2 black bears
  A sky beast (D:9)
  An ice beast (D:9)
  An eye of draining (D:8)
  7 ogres
  2 phantoms
  3 centaurs
  5 bullfrogs
  A gnoll sergeant (D:8)
  4 scorpions
  4 crimson imps
  A bullfrog zombie (D:8)
  4 hounds
  3 quasits
  5 jellies
  A centaur zombie (D:7)
  A bullfrog skeleton (D:5)
  3 orc priests
  An orc wizard (D:4)
  Ijyb (D:3)
  Natasha (thrice) (D:2)
  2 iguanas
  6 worker ants
  A hound skeleton (D:4)
  8 adders
  9 gnolls
  3 shadow imps
  An ooze (D:2)
  An adder skeleton (D:8)
  3 worms
  A dart slug (D:1)
  3 leopard geckos
  24 orcs
  3 ball pythons
  3 giant cockroaches (D:1)
  10 goblins
  6 hobgoblins
  2 jackals (D:4)
  7 kobolds
  3 quokkas
  6 bats
  7 frilled lizards
  A jackal skeleton (D:4)
  A leopard gecko zombie (D:7)
  2 quokka skeletons
  3 rats (D:1)
174 creatures vanquished.

Notes
Turn   | Place    | Note
-------+----------+-------------------------------------------
     0 | D:1      | plasma188 the Minotaur Fighter began the quest for the Orb.
     0 | D:1      | Reached XP level 1. HP: 19/19 MP: 0/0
   163 | D:1      | Reached XP level 2. HP: 25/27 MP: 1/1
   498 | D:1      | Reached XP level 3. HP: 32/33 MP: 2/2
  1054 | D:2      | Reached XP level 4. HP: 34/40 MP: 3/3
  1369 | D:2      | Noticed Natasha
  1383 | D:2      | Killed Natasha
  1383 | D:2      | Reached skill level 1 in Slings
  1460 | D:2      | Noticed Natasha
  1468 | D:2      | Killed Natasha
  1468 | D:2      | Reached skill level 1 in Dodging
  1493 | D:2      | Noticed Natasha
  1509 | D:2      | Killed Natasha
  1509 | D:2      | Reached XP level 5. HP: 26/47 MP: 4/4
  1760 | D:3      | Noticed Ijyb
  1774 | D:3      | Killed Ijyb
  2243 | D:3      | Gained mutation: You have sharp toenails. [potion of
                  | mutation]
  2243 | D:3      | Gained mutation: You are surrounded by a mild repulsion
                  | field. (EV +2) [potion of mutation]
  2356 | D:4      | Noticed an ogre
  2362 | D:4      | Killed an ogre
  2362 | D:4      | Reached skill level 5 in Armour
  2362 | D:4      | Reached XP level 6. HP: 53/53 MP: 5/5
  2535 | D:4      | Reached skill level 5 in Long Blades
  2535 | D:4      | Reached skill level 1 in Unarmed Combat
  3333 | D:4      | Reached XP level 7. HP: 51/60 MP: 6/6
  3334 | D:4      | Reached skill level 5 in Fighting
  3334 | D:4      | Reached skill level 5 in Shields
  3943 | D:5      | Entered Level 5 of the Dungeon
  4779 | D:5      | Found a glowing silver altar of Zin.
  4786 | D:5      | Lost mutation: You have sharp toenails. [potion of
                  | mutation]
  4786 | D:5      | Lost mutation: You are surrounded by a mild repulsion
                  | field. (EV +2) [potion of mutation]
  4786 | D:5      | Gained mutation: Your body sometimes deteriorates upon
                  | taking damage. [potion of mutation]
  4786 | D:5      | Gained mutation: You do not regenerate when monsters are
                  | visible. [potion of mutation]
  4786 | D:5      | Gained mutation: You passively map a small area around you.
                  | [potion of mutation]
  4786 | D:5      | Gained mutation: You have a pair of large horns on your
                  | head. [potion of mutation]
  4797 | D:5      | Became a worshipper of Zin the Law-Giver
  4797 | D:5      | Reached * piety under Zin
  4844 | D:5      | Reached ** piety under Zin
  5044 | D:6      | Reached XP level 8. HP: 65/69 MP: 7/7
  5087 | D:6      | Found a staircase to the Ecumenical Temple.
  5107 | Temple   | Entered the Ecumenical Temple
  5261 | D:6      | Reached skill level 1 in Throwing
  5999 | D:7      | Reached skill level 1 in Invocations
  6217 | D:7      | Reached skill level 1 in Bows
  6217 | D:7      | Reached XP level 9. HP: 46/75 MP: 9/9
  6715 | D:7      | Reached *** piety under Zin
  6804 | D:7      | Reached skill level 1 in Evocations
  7026 | D:8      | Noticed Psyche
  7035 | D:8      | Killed Psyche
  7892 | D:9      | Reached XP level 10. HP: 77/86 MP: 11/11
  7928 | D:9      | Reached **** piety under Zin
  8054 | D:9      | Noticed a two-headed ogre
  8068 | D:9      | Zin protects you from harm!
  8072 | D:9      | Mangled by a two-headed ogre

Levels and vault maps discovered:
D:1:      minmay_arrival_split_and_join, layout_loops_ring, minmay_cut_off
D:2:      layout_loops_ring, uniq_natasha
D:3:      layout_rooms, first_ration, minmay_misc_feat_chi, uniq_ijyb
D:4:      layout_basic
D:5:      layout_layer_cave, zin_academy
D:6:      layout_rooms, minmay_temple_entry_antechambers
D:7:      layout_cave_pools, the_bakery, minmay_misc_feat_rugged
D:8:      layout_loops_cross, uniq_psyche
D:9:      layout_grid_maze, david_orc_3, serial_shops, shop, basic_altar,
          kennysheep_cross_room
Temple:   nicolae_temple_the_god_donut

Skill      XL: |  1  2  3  4  5  6  7  8  9 |
---------------+----------------------------+-----
Long Blades    | 3 4 5 6 7 9 |  9.1
Shields        | 4 5 6 7 |  7.2
Fighting       | 4 5 6 7 |  7.0
Armour         | 4 5 6 7 9 |  9.2
Slings         | 1 |  1.5
Dodging        | 1 2 3 |  3.5
Unarmed Combat | 1 2 |  2.0
Throwing       | 2 |  2.1
Invocations    | 1 3 |  3.3
Bows           | 1 3 |  3.1
Evocations     | 2 |  2.3

Action                   |  1- 3 |  4- 6 |  7- 9 | 10-12 || total
-------------------------+-------+-------+-------+-------++-------
Melee: Long sword        |   107 |   125 |   304 |    25 ||   561
       Headbutt          |    14 |    22 |    70 |     6 ||   112
       Hunting sling     |    11 |     4 |       |       ||    15
       Unarmed           |       |     5 |       |       ||     5
       Kick              |       |     9 |    13 |       ||    22
Throw: Boomerang         |       |     9 |    83 |       ||    92
       Stone             |       |       |     7 |       ||     7
Invok: Recite            |       |       |     7 |       ||     7
       Vitalisation      |       |       |     3 |       ||     3
       Donate Gold       |       |       |     1 |       ||     1
Evoke: Wand              |       |     1 |     2 |       ||     3
  Use: Scroll            |     6 |     6 |     5 |       ||    17
       Potion            |       |     7 |     6 |     3 ||    16
 Stab: Invisible         |       |       |     4 |       ||     4
       Confused          |       |       |     2 |       ||     2
  Eat: Ration            |       |     3 |     4 |       ||     7
Armor: Scale mail        |     9 |       |       |       ||     9
       Chain mail        |    76 |    68 |    26 |       ||   170
       Plate armour      |       |       |   134 |    16 ||   150
Dodge: Dodged            |    27 |    34 |    93 |     8 ||   162
Block: Shield            |    69 |    76 |   203 |    16 ||   364
       Rpst.: Long sword |    11 |    10 |    21 |     1 ||    43
